 Dungeon Crawl Stone Soup version 0.20.0-6-gd3061e9 (webtiles) character file.

49 Hasart the Vexing (level 3, -1/14 HPs)
             Began as a Felid Enchanter on May 28, 2017.
             Slain by an adder (2 damage)
             ... on level 2 of the Dungeon.
             The game lasted 00:04:24 (2042 turns).

Hasart the Vexing (Felid Enchanter)                 Turns: 2042, Time: 00:04:25

Health: -1/14      AC:  1    Str:  4    XL:     3   Next: 53%
Magic:  2/7        EV: 18    Int: 17    God:
Gold:   59         SH:  0    Dex: 16    Spells: 2/6 levels left
                                        Lives:  0   Deaths: 0

rFire    . . .     SeeInvis +     - Unarmed
rCold    . . .     Gourm    .   (shield unavailable)
rNeg     . . .     Faith    .   (armour unavailable)
rPois    .         Spirit   .   (helmet unavailable)
rElec    .         Reflect  .   (cloak unavailable)
rCorr    .         Harm     .   (gloves unavailable)
MR       .....                  (boots unavailable)
Stlth    +++.......             (no amulet)
Regen    0.1/turn               (no ring)
MPRegen  0.1/turn               (no ring)

@: lethally poisoned (-1 -> -10), quick
A: no armour, no weapons or thrown items, stealth, claws 1, fangs 3, see
invisible, carnivore 3, speed 1, shaggy fur 1, slow metabolism 1, sharp paws
a: no special abilities


You were on level 2 of the Dungeon.
You were full.

You visited 1 branch of the dungeon, and saw 2 of its levels.

You collected 59 gold pieces.

Inventory:

Jewellery
 d - a cursed amulet of inaccuracy {unknown}
Scrolls
 e - 2 scrolls of identify {unknown}
 f - a scroll of immolation {unknown}
Potions
 c - a potion of degeneration {unknown}
 g - a potion of magic {unknown}
 h - a potion of might {unknown}
Books
 a - a book of Maledictions

   Spells                             Type                      Level
   a - Corona                         Hexes                        1
   b - Ensorcelled Hibernation        Hexes/Ice                    2
   c - Confuse                        Hexes                        3
   d - Tukima's Dance                 Hexes                        3
   e - Dazzling Spray                 Conjuration/Hexes            3
Comestibles
 b - 2 meat rations


   Skills:
 + Level 3.0 Dodging
 + Level 4.6 Stealth
 * Level 2.2 Unarmed Combat
 + Level 2.1 Spellcasting
 * Level 5.0 Hexes


You had 2 spell levels left.
You knew the following spells:

 Your Spells              Type           Power        Failure   Level  Hunger
a - Confuse               Hex            ###.....     7%          3    ###....
b - Corona                Hex            ###....      2%          1    #......


Dungeon Overview and Level Annotations

Branches:
Dungeon (2/15)

Altars:


Innate Abilities, Weirdness & Mutations

You cannot wear armour.
You are incapable of wielding weapons or throwing items.
Your paws allow you to move quietly. (Stealth)
You have sharp claws.
You have razor-sharp teeth.
You have supernaturally acute eyesight. (SInv)
You are carnivorous and can eat meat at any time.
You cover ground quickly.
You are covered in fur. (AC +1)
You have a slow metabolism.
Your sharp claws are effective at attacking unaware monsters.


Message History

The adder poisons you!
You scratch the adder. Your bite misses the adder.
The adder is heavily wounded.
You feel sick. The adder closely misses you. The adder misses you.
You scratch the adder.
The adder is heavily wounded.
The adder completely misses you.
You closely miss the adder.
The adder is heavily wounded.
* * * LOW HITPOINT WARNING * * *
You feel sick. The adder bites you.
* * * LOW HITPOINT WARNING * * *
You scratch the adder. Your claw misses the adder.
The adder is almost dead.
* * * LOW HITPOINT WARNING * * *
You feel sick. The adder completely misses you.
You closely miss the adder.
The adder is almost dead.
The adder misses you. The adder bites you.
You die...

### ##### #.. ...#
#####(## ..#####......
... #...........# ...
#@###.....#<# ...
#S##........# #.#
#.#........(## #.#
#>...........# #.#
#..........(.#
#.########..#(........#
#.#.........##(....#..#
#.....####....)..........
#.....#.#
#.####....#.....#


You could see an adder.

Vanquished Creatures
  An adder (D:2)
  An ooze (D:1)
  A leopard gecko (D:1)
  6 bats
  4 hobgoblins
  3 jackals (D:1)
  5 frilled lizards
  6 goblins
  3 kobolds
  8 rats
38 creatures vanquished.

Notes
Turn   | Place    | Note
-------+----------+-------------------------------------------
     0 | D:1      | Hasart the Felid Enchanter began the quest for the Orb.
     0 | D:1      | Reached XP level 1. HP: 7/7 MP: 4/4
   245 | D:1      | Reached XP level 2. HP: 11/11 MP: 6/6
   960 | D:1      | Reached XP level 3. HP: 1/14 MP: 7/7
  1539 | D:1      | Learned a level 3 spell: Confuse
  1864 | D:2      | Reached skill level 5 in Hexes
  2042 | D:2      | Slain by an adder

Skill      XL: |  1  2  3 |
---------------+----------+-----
Unarmed Combat | 2 |  2.2
Dodging        | 3 |  3.0
Hexes          | 5 |  5.0
Stealth        | |  4.6
Spellcasting   | |  2.1

Action                   || total
-------------------------++-------
Melee: Unarmed           ||   145
       Bite              ||     5
 Cast: Corona            ||     5
       Confuse           ||     2
 Stab: Sleeping          ||    11
  Eat: Chunk             ||     6
Armor: Skin              ||     4
Dodge: Dodged            ||   136
